 Dungeon Crawl Stone Soup version 0.27.0-1-g7a089689b8 (webtiles) character file.

Game seed: 1672926707665081746

13622 Leibowitz the Covert (level 12, -4/72 HPs)
             Began as a Kobold Gladiator on Aug 11, 2021.
             Was a High Priest of Okawaru.
             Killed from afar by a gargoyle (10 damage)
             ... with a stone arrow
             ... on level 11 of the Dungeon.
             The game lasted 00:27:26 (15361 turns).

Leibowitz the Covert (Kobold Gladiator)            Turns: 15361, Time: 00:27:26

Health: -4/72      AC: 10    Str: 13    XL:     12   Next: 35%
Magic:  12/12      EV: 21    Int:  9    God:    Okawaru [*****.]
Gold:   487        SH:  7    Dex: 20    Spells: 11/11 levels left

rFire    . . .     SeeInvis .   b - +0 rapier
rCold    . . .     Faith    +   o - +0 buckler
rNeg     + . .     Spirit   .   p - +0 leather armour
rPois    .         Reflect  .   c - +0 helmet
rElec    .         Harm     .   (no cloak)
rCorr    .         Rampage  .   e - +0 pair of gloves
Will     .....                  (no boots)
Stlth    ++++++....             z - amulet of faith
HPRegen  0.22/turn              i - +4 ring of protection
MPRegen  0.13/turn              y - ring of positive energy

@: hasted, very quick
A: small, no large weapons, nightstalker 3
a: Renounce Religion, Heroism, Finesse


You were on level 11 of the Dungeon.
You worshipped Okawaru.
Okawaru was extremely pleased with you.
You visited 2 branches of the dungeon, and saw 12 of its levels.

You collected 487 gold pieces.

Inventory:

Hand Weapons
 a - a +2 dagger of venom
 b - a +0 rapier (weapon)
Missiles
 A - a curare-tipped dart (quivered)
Armour
 c - a +0 helmet (worn)
 e - a +0 pair of gloves (worn)
 o - a +0 buckler (worn)
 p - a +0 leather armour (worn)
Jewellery
 i - a +4 ring of protection (left hand)
 y - a ring of positive energy (right hand)
 z - an amulet of faith (around neck)
Wands
 C - a wand of acid (8)
 E - a wand of digging (4)
 G - a wand of flame (19)
Scrolls
 d - 2 scrolls of noise {unknown}
 g - 8 scrolls of identify {unknown}
 h - 2 scrolls of fog {unknown}
 j - 6 scrolls of teleportation {unknown}
 m - 2 scrolls of enchant weapon {unknown}
 s - 2 scrolls of blinking {unknown}
 u - 3 scrolls of magic mapping {unknown}
 v - 2 scrolls of immolation {unknown}
 x - a scroll of summoning {unknown}
 B - 3 scrolls of vulnerability {unknown}
 D - a scroll of acquirement {unknown}
 F - 2 scrolls of amnesia {unknown}
 I - a scroll of holy word {unknown}
Potions
 k - 6 potions of curing
 l - a potion of attraction {unknown}
 n - a potion of might
 q - 3 potions of berserk rage {unknown}
 r - 2 potions of lignification {unknown}
 t - a potion of mutation {unknown}
 w - 2 potions of brilliance
 H - a potion of degeneration {unknown}


   Skills:
 + Level 7.3 Fighting
 + Level 11.9 Short Blades
 + Level 2.5 Throwing
 + Level 4.7 Armour
 + Level 10.2 Dodging
 + Level 12.9 Stealth
 + Level 6.5 Shields
 + Level 0.4 Invocations


You had 11 spell levels left.
You didn't know any spells.
Your spell library contained the following spells:

 Spells                   Type           Power      Damage    Failure   Level
 Foxfire                  Conj/Fire      0%         2x1d4     45%         1
 Magic Dart               Conj           0%         1d3       45%         1
 Call Imp                 Summ           0%         N/A       58%         2
 Slow                     Hex            0%         N/A       58%         2
 Confusing Touch          Hex            0%         N/A       83%         3
 Conjure Flame            Conj/Fire      0%         6-21      83%         3
 Ignite Poison            Fire/Tmut/Pois 0%         N/A       83%         3
 Mephitic Cloud           Conj/Pois/Air  0%         N/A       83%         3
 Vampiric Draining        Necr           0%         2d6       83%         3
 Sticky Flame             Conj/Fire      0%         2d3       99%         4
 Fireball                 Conj/Fire      0%         3d3       100%        5
 Starburst                Conj/Fire      0%         8x6d3     100%        6
 Orb of Destruction       Conj           0%         N/A       100%        7
 Ignition                 Fire           0%         3d3       100%        8
 Lehudib's Crystal Spear  Conj/Erth      0%         10d2      100%        8


Dungeon Overview and Level Annotations

Branches:
Dungeon (11/15)            Temple (1/1) D:7            Lair (0/6) D:10
    Orc (0/2) D:10

Altars:
Cheibriados
Dithmenos
Elyvilon
Fedhas
Gozag
Hepliaklqana
Kikubaaqudgha
Okawaru
Ru
Trog
Uskayaw
Vehumet
Wu Jian
Yredelemnul
The Shining One


Innate Abilities, Weirdness & Mutations

You are small and have problems with some larger weapons.
You are completely attuned to the shadows.


Message History

The gargoyle is lightly damaged.
Okay, then.
Your +2 dagger of venom stops dripping with poison.
b - a +0 rapier (weapon)
You block the gargoyle's attack.
You hit the gargoyle but do no damage.
The gargoyle is lightly damaged.
You hit the gargoyle.
The gargoyle is moderately damaged.
The gargoyle completely misses you.
You hit the gargoyle but do no damage.
The gargoyle is moderately damaged.
You hit the gargoyle but do no damage.
The gargoyle is moderately damaged.
The gargoyle completely misses you.
You hit the gargoyle but do no damage.
The gargoyle is moderately damaged.
You closely miss the gargoyle.
The gargoyle is moderately damaged.
The gargoyle hits you with a +4 morningstar!!
* * * LOW HITPOINT WARNING * * *
You feel better. The gargoyle completely misses you.
You hit the gargoyle but do no damage.
The gargoyle is lightly damaged.
You hit the gargoyle.
The gargoyle is moderately damaged.
The gargoyle hurls a stone arrow at you.
The stone arrow misses you.
You barely miss the gargoyle.
The gargoyle is moderately damaged.
You feel like a meek peon again.
You hit the gargoyle but do no damage.
The gargoyle is moderately damaged.
The gargoyle hits you with a +4 morningstar!
* * * LOW HITPOINT WARNING * * *
You are too injured to fight recklessly!
You feel yourself speed up. The gargoyle closely misses you.
The gargoyle hurls a stone arrow at you.
The stone arrow hits you!
You die...

.................## #..........
....<.............## ##..........
...................###...........
....................##.....).....
.....................#...........
.......#.........................
.......##........................
.....).###.......................
.......# ##.....@................
#..........##.........[
.####.9......## #...#####..
...........### ##..# ##..
.........### #..####...
####..##...## #..#......
#.#####..# #......### #.## ###.#
#.###### # #. ## ### #


You could see a gargoyle.

Vanquished Creatures
  Erolcha (D:9)
  5 two-headed ogres
  A cyclops (D:11)
  A gargoyle (D:10)
  A troll (D:10)
  A hornet (D:10)
  Grinder (D:3)
  A wyvern (D:9)
  Sigmund (D:4)
  A wraith (D:9)
  17 yaks
  A vampire mosquito (D:8)
  6 water moccasins
  An acid dragon (D:10)
  A sky beast (D:6)
  4 orc warriors
  An ice beast (D:6)
  3 black bears (D:10)
  2 ogres
  3 centaurs
  4 phantoms
  2 kobold brigands
  3 bullfrogs
  7 scorpions
  A wyvern zombie (D:8)
  2 water moccasin skeletons
  12 killer bees
  5 wights (D:8)
  10 howler monkeys
  3 bullfrog zombies
  3 centaur zombies
  6 orc priests
  3 hounds
  A jelly (D:6)
  An iguana (D:5)
  Natasha (thrice) (D:4)
  3 orc wizards (D:10)
  2 killer bee zombies
  2 howler monkey zombies
  6 adders
  A shadow imp (D:6)
  2 white imps
  32 orcs
  5 bats
  8 endoplasms
  6 giant cockroaches
  6 hobgoblins
  3 jackals
  11 kobolds
  3 quokkas
  8 ball pythons
  5 frilled lizards
  8 goblins
  3 rats (D:1)
233 creatures vanquished.

Vanquished Creatures (others)
  A hornet (D:9)
  An orc priest (D:9)
  2 orc wizards (D:9)
  A howler monkey zombie (D:9)
  2 orcs (D:9)
  54 fungi (D:10)
  51 plants (D:10)
112 creatures vanquished.

Grand Total: 345 creatures vanquished

Notes
Turn   | Place    | Note
-------+----------+-------------------------------------------
     0 | D:1      | Leibowitz the Kobold Gladiator began the quest for the Orb.
     0 | D:1      | Reached XP level 1. HP: 12/12 MP: 1/1
   147 | D:1      | Found a faded altar of an unknown god.
   229 | D:1      | Got Plato's Grimoire of Flames
   273 | D:1      | Reached XP level 2. HP: 17/17 MP: 2/2
   445 | D:1      | Got the Handbook of Combat Magic
   561 | D:1      | Reached XP level 3. HP: 21/21 MP: 3/3
  1435 | D:2      | Reached skill level 5 in Short Blades
  1435 | D:2      | Reached skill level 1 in Stealth
  1697 | D:2      | HP: 1/22 [worm (2)]
  2040 | D:2      | Found a hide-covered altar of Uskayaw.
  2043 | D:2      | Reached XP level 4. HP: 27/27 MP: 4/4
  3208 | D:3      | Noticed Grinder
  3216 | D:3      | Paralysed by Grinder for 2 turns
  3230 | D:3      | Killed Grinder
  3231 | D:3      | Reached skill level 1 in Armour
  3231 | D:3      | Reached skill level 3 in Stealth
  3231 | D:3      | Reached XP level 5. HP: 3/32 MP: 5/5
  3231 | D:3      | Reached XP level 6. HP: 4/36 MP: 6/6
  3783 | D:3      | Reached skill level 4 in Stealth
  4413 | D:4      | Noticed Sigmund
  4455 | D:4      | Killed Sigmund
  4456 | D:4      | Reached skill level 5 in Stealth
  4456 | D:4      | Reached XP level 7. HP: 17/41 MP: 7/7
  4793 | D:4      | Noticed Natasha
  4797 | D:4      | Killed Natasha
  4802 | D:4      | Identified the +1 ring mail "Went" {Harm rPois Will- SInv}
  4864 | D:4      | Reached skill level 5 in Dodging
  5043 | D:4      | Noticed Natasha
  5053 | D:4      | Killed Natasha
  5054 | D:4      | Reached skill level 1 in Shields
  5303 | D:4      | Reached XP level 8. HP: 46/46 MP: 8/8
  5382 | D:4      | Noticed Natasha
  5390 | D:4      | Killed Natasha
  5531 | D:5      | Entered Level 5 of the Dungeon
  5591 | D:5      | Reached skill level 6 in Stealth
  6527 | D:6      | Reached skill level 7 in Stealth
  6999 | D:6      | Reached XP level 9. HP: 52/52 MP: 9/9
  7660 | D:6      | Reached skill level 8 in Stealth
  8146 | D:7      | Found a staircase to the Ecumenical Temple.
  8152 | Temple   | Entered the Ecumenical Temple
  8227 | Temple   | Became a worshipper of Warmaster Okawaru
  8674 | D:7      | Reached skill level 9 in Stealth
  9197 | D:7      | Found a runed translucent door.
  9243 | D:7      | Found a runed translucent door.
  9541 | D:8      | Reached XP level 10. HP: 25/58 MP: 10/10
  9555 | D:7      | Reached * piety under Okawaru
  9861 | D:8      | Noticed a two-headed ogre
  9865 | D:8      | Killed a two-headed ogre
  9866 | D:8      | Reached skill level 5 in Fighting
  9866 | D:8      | Reached skill level 10 in Short Blades
 10082 | D:8      | Noticed a two-headed ogre
 10085 | D:8      | Killed a two-headed ogre
 10086 | D:8      | Reached skill level 10 in Stealth
 10113 | D:9      | Noticed Erolcha
 10117 | D:9      | Killed Erolcha
 10117 | D:9      | Reached ** piety under Okawaru
 10456 | D:9      | Reached XP level 11. HP: 64/64 MP: 11/11
 11270 | D:8      | Reached *** piety under Okawaru
 12178 | D:10     | Entered Level 10 of the Dungeon
 12179 | D:10     | Noticed a two-headed ogre
 12183 | D:10     | Killed a two-headed ogre
 12184 | D:10     | Reached skill level 11 in Stealth
 12184 | D:10     | Reached skill level 5 in Shields
 12184 | D:10     | Reached **** piety under Okawaru
 12878 | D:10     | Found a staircase to the Lair.
 13246 | D:10     | Reached ***** piety under Okawaru
 13430 | D:10     | Found a staircase to the Orcish Mines.
 13630 | D:10     | Reached skill level 12 in Stealth
 13762 | D:10     | Noticed a two-headed ogre
 13837 | D:10     | Killed a two-headed ogre
 13838 | D:10     | Reached XP level 12. HP: 45/71 MP: 12/12
 13845 | D:10     | Received a gift from Okawaru
 14116 | D:10     | Found an ancient bone altar of Kikubaaqudgha.
 14634 | D:11     | Reached skill level 10 in Dodging
 15022 | D:11     | Noticed a two-headed ogre
 15026 | D:11     | Killed a two-headed ogre
 15361 | D:11     | Killed from afar by a gargoyle

Illustrated notes

Levels and vault maps discovered:
D:1:      mainiacjoe_arrival_reflecting_pool, layout_loops_ring,
          shapermc_ecumenical_altar_rom_forum, minmay_misc_feat_tower,
          minmay_small_reverse_x
D:2:      layout_rooms, basic_altar
D:3:      layout_loops_corners, serial_rivers, chequers_serial_rivers_small_a,
          chequers_serial_rivers_micro_b, chequers_serial_rivers_micro_b,
          chequers_serial_rivers_micro_e, chequers_serial_rivers_micro_e,
          uniq_grinder
D:4:      wander_river, layout_loops_ring, uniq_sigmund, uniq_natasha
D:5:      layout_cave_pools
D:6:      layout_layer_cave, kennysheep_nub
D:7:      lemuel_insect_pit, layout_loops_ring, temple_pool_b
D:8:      layout_loops_corners, minmay_diced_spiral
D:9:      layout_rooms, lemuel_flamethrower_2, uniq_erolcha
D:10:     layout_rooms, nicolae_kikubaaqudgha_miasma_corner,
          due_lair_maze_entry_diamond, hiddenorc1_lemuel,
          kennysheep_generic_room_5
D:11:     layout_layer_cave, nicolae_trove_entry_path_of_doom
Temple:   nicolae_temple_the_god_donut

Skill      XL: |  1  2  3  4  5  6  7  8  9 10 11 12 |
---------------+-------------------------------------+-----
Dodging        | 4 5 6 8 9 10 | 10.2
Short Blades   | 5 6 7 8 9 10 11 | 11.9
Stealth        | 1 3 5 7 9 10 12 | 12.9
Armour         | 1 2 3 4 |  4.7
Fighting       | 3 4 5 6 7 |  7.3
Shields        | 1 2 3 4 6 |  6.5
Throwing       | |  2.5
Invocations    | |  0.4

Action                   |  1- 3 |  4- 6 |  7- 9 | 10-12 || total
-------------------------+-------+-------+-------+-------++-------
Melee: Rapier            |   110 |    36 |       |    57 ||   203
       Dagger            |       |    88 |   428 |   737 ||  1253
Throw: Throwing net      |       |     4 |       |       ||     4
Invok: Heroism           |       |       |       |     3 ||     3
Evoke: Wand              |       |       |       |     1 ||     1
  Use: Potion            |       |       |     9 |     4 ||    13
 Stab: Sleeping          |     6 |    10 |    20 |    20 ||    56
       Distracted        |       |       |     2 |     2 ||     4
Armor: Leather armour    |    22 |    19 |    41 |    54 ||   136
Dodge: Dodged            |    82 |    54 |   195 |   322 ||   653
Block: Buckler           |       |    14 |    83 |   169 ||   266
